 Dungeon Crawl Stone Soup version 0.21.1-1-g345015f (webtiles) character file.

164 EuclidGuy the Grave Robber (level 5, -3/28 HPs)
             Began as a Deep Elf Necromancer on July 8, 2018.
             Killed by divine providence
             ... invoked by an orc priest
              (13 damage)
             ... on level 3 of the Dungeon.
             The game lasted 00:18:12 (3336 turns).

EuclidGuy the Grave Robber (Deep Elf Necromancer)   Turns: 3336, Time: 00:18:13

Health: -3/28      AC:  2    Str:  5    XL:     5   Next: 21%
Magic:  2/13       EV: 13    Int: 21    God:
Gold:   88         SH:  0    Dex: 15    Spells: 4/12 levels left

rFire    . . .     SeeInvis .   i - +3 short sword (flame)
rCold    . . .     Gourm    .   (no shield)
rNeg     . . .     Faith    .   a - +0 robe
rPois    .         Spirit   .   (no helmet)
rElec    .         Reflect  .   (no cloak)
rCorr    .         Harm     .   (no gloves)
MR       .....                  (no boots)
Stlth    +++.......             (no amulet)
HPRegen  0.09/turn              (no ring)
MPRegen  0.13/turn              (no ring)

@: no status effects
A: no striking features
a: no special abilities


You were on level 3 of the Dungeon.
You were not hungry.

You visited 1 branch of the dungeon, and saw 3 of its levels.

You collected 88 gold pieces.

Inventory:

Hand Weapons
 i - a +3 short sword of flaming (weapon)
 j - a +0 hunting sling
 m - a +0 spear
Missiles
 d - 151 stones (quivered)
 l - 19 poisoned needles
Armour
 a - a +0 robe (worn)
Jewellery
 q - a +3 ring of strength {unknown}
Scrolls
 c - a scroll of fog {unknown}
 f - 3 scrolls of remove curse {unknown}
 g - a scroll of amnesia {unknown}
 k - 4 scrolls of identify {unknown}
 n - a scroll of teleportation {unknown}
 u - a scroll of magic mapping {unknown}
Potions
 e - a potion of lignification {unknown}
 h - a potion of cancellation {unknown}
 o - a potion of ambrosia {unknown}
 p - a potion of might {unknown}
 r - a potion of magic {unknown}
 v - a potion of agility {unknown}
Books
 b - a book of Necromancy

   Spells                             Type                      Level
   a - Pain                           Necromancy                   1
   b - Animate Skeleton               Necromancy                   1
   c - Vampiric Draining              Necromancy                   3
   d - Regeneration                   Charms/Necromancy            3
   e - Animate Dead                   Necromancy                   4
   f - Borgnjor's Vile Clutch         Necromancy/Earth             5


   Skills:
 + Level 0.0 Fighting
 - Level 0.2 Short Blades
 + Level 3.3 Dodging
 - Level 4.1 Stealth
 + Level 4.4 Spellcasting
 + Level 6.0 Necromancy


You had 4 spell levels left.
You knew the following spells:

 Your Spells              Type           Power        Failure   Level  Hunger
a - Pain                  Necr           ####         1%          1    None
b - Animate Dead          Necr           N/A          10%         4    ####...
c - Vampiric Draining     Necr           ####......   2%          3    ##.....


Dungeon Overview and Level Annotations

Branches:
Dungeon (3/15)

Altars:


Message History

The orc wizard is almost dead.
The orc wizard barely misses you.
You barely miss the orc wizard.
The orc wizard is almost dead.
The orc wizard misses you.
The orc wizard hits you but does no damage.
You hit the orc wizard. You burn the orc wizard.
You kill the orc wizard!
Your Stealth skill increases to level 4!
Your Necromancy skill increases to level 6!
Unknown command.
The orc priest shouts!
The orc priest looks encouraged for a moment.
Things that are here:
a club; a short sword
Things that are here:
a dagger; a robe The orc priest calls down the wrath of Beogh upon you.
Beogh smites you!
You die...

#.)..............
#.(.....g#########
#.................
#.........########
#.........# ##
#########s# .
#.###.#
#########...#.#
#..@)..o......#
##########..###
#..# #..# #..#
#..# #..#
#..########
#..........


You could see an orc priest.

Vanquished Creatures
  Natasha (D:2)
  An orc wizard (D:3)
  3 adders
  A worm (D:2)
  3 leopard geckos
  8 orcs (D:3)
  11 bats
  4 giant cockroaches
  5 hobgoblins
  5 jackals
  8 frilled lizards
  5 goblins
  5 kobolds
  6 rats
66 creatures vanquished.

Vanquished Creatures (collateral kills)
  An adder skeleton (D:3)
  2 orcs (D:3)
  2 rats (D:3)
5 creatures vanquished.

Grand Total: 71 creatures vanquished

Notes
Turn   | Place    | Note
-------+----------+-------------------------------------------
     0 | D:1      | EuclidGuy the Deep Elf Necromancer began the quest for the Orb.
     0 | D:1      | Reached XP level 1. HP: 10/10 MP: 6/6
   134 | D:1      | Reached skill level 5 in Necromancy
   296 | D:1      | Reached XP level 2. HP: 10/15 MP: 6/8
   795 | D:1      | Reached XP level 3. HP: 11/19 MP: 7/10
  1834 | D:2      | Reached XP level 4. HP: 24/24 MP: 10/12
  2265 | D:2      | Noticed Natasha
  2364 | D:2      | Killed Natasha
  2537 | D:2      | Learned a level 4 spell: Animate Dead
  2619 | D:2      | Learned a level 3 spell: Vampiric Draining
  3316 | D:3      | Reached XP level 5. HP: 27/28 MP: 7/13
  3330 | D:3      | Reached skill level 6 in Necromancy
  3336 | D:3      | Killed from afar by an orc priest

Skill      XL: |  1  2  3  4  5 |
---------------+----------------+-----
Necromancy     | 5 6 |  6.0
Stealth        | 3 4 |  4.1
Spellcasting   | 4 |  4.4
Dodging        | 3 |  3.3
Short Blades   | |  0.2

Action                   |  1- 3 |  4- 6 || total
-------------------------+-------+-------++-------
Melee: Short sword       |    16 |    12 ||    28
Throw: Stone             |     7 |       ||     7
 Cast: Pain              |    54 |    41 ||    95
       Animate Dead      |       |    10 ||    10
       Vampiric Draining |       |     1 ||     1
 Stab: Sleeping          |     1 |       ||     1
  Eat: Ration            |     1 |     1 ||     2
       Chunk             |       |     2 ||     2
Armor: Robe              |     5 |     1 ||     6
Dodge: Dodged            |    16 |    17 ||    33
